 Dungeon Crawl Stone Soup version 0.20-a0-1124-g2e29d97 (webtiles) character file.

408 Naow the Firebug (level 6, -5/36 HPs)
             Began as an Octopode Fire Elementalist on May 16, 2017.
             Killed by divine providence
             ... invoked by an orc priest
              (14 damage)
             ... on level 4 of the Dungeon.
             The game lasted 00:08:14 (5109 turns).

Naow the Firebug (Octopode Fire Elementalist)       Turns: 5109, Time: 00:08:15

Health: -5/36      AC:  1    Str:  7    XL:     6   Next: 88%
Magic:  3/11       EV: 13    Int: 18    God:
Gold:   169        SH:  0    Dex: 12    Spells: 2/12 levels left

rFire    + . .     SeeInvis .   h - +0 dagger
rCold    . . .     Gourm    .   (no shield)
rNeg     . . .     Faith    .   (helmet restricted)
rPois    .         Spirit   .   (no amulet)
rElec    .         Reflect  .   l - ring of wizardry
rCorr    .         Harm     .   t - -2 ring of intelligence (curse)
MR       .....                  v - ring of protection from fire
Stlth    +++.......             (no ring)
Regen    0.2/turn               (no ring)
MPRegen  0.2/turn               (no ring)
                                (no ring)
                                (no ring)

@: no status effects
A: almost no armour, stealthy swim, amphibious, 8 rings, constrict 8, camouflage
1, gelatinous body 1
a: no special abilities


You were on level 4 of the Dungeon.
You were very hungry.

You visited 1 branch of the dungeon, and saw 4 of its levels.

You collected 169 gold pieces.

Inventory:

Hand Weapons
 h - a +0 dagger (weapon)
 x - a +0 hunting sling
Armour
 d - a cursed +0 buckler
Jewellery
 l - a ring of wizardry (left tentacle)
 t - a cursed -2 ring of intelligence (right tentacle)
 v - a ring of protection from fire (on tentacle)
Scrolls
 c - 3 scrolls of identify {unknown}
 g - 2 scrolls of enchant armour {unknown}
 i - 3 scrolls of remove curse {unknown}
 o - a scroll of amnesia {unknown}
 q - a scroll of teleportation {unknown}
 r - a scroll of recharging {unknown}
 s - a scroll of blinking {unknown}
Potions
 e - a potion of flight {unknown}
 f - a potion of might {unknown}
 k - a potion of haste {unknown}
 n - a potion of invisibility {unknown}
 p - a potion of berserk rage {unknown}
 u - a potion of degeneration {unknown}
Books
 a - a book of Flames

   Spells                             Type                      Level
   a - Flame Tongue                   Conjuration/Fire             1
   b - Throw Flame                    Conjuration/Fire             2
   c - Conjure Flame                  Conjuration/Fire             3
   d - Inner Flame                    Hexes/Fire                   3
   e - Sticky Flame                   Conjuration/Fire             4
   f - Fireball                       Conjuration/Fire             5
Comestibles
 b - 5 bread rations
 j - a royal jelly
 m - 5 fruits
 w - a meat ration


   Skills:
 - Level 2.0 Dodging
 - Level 2.6 Stealth
 + Level 3.9 Spellcasting
 + Level 4.0 Conjurations
 + Level 5.0 Fire Magic


You had 2 spell levels left.
You knew the following spells:

 Your Spells              Type           Power        Failure   Level  Hunger
a - Flame Tongue          Conj/Fire      ###..        1%          1    None
b - Throw Flame           Conj/Fire      ###...       1%          2    ##.....
c - Conjure Flame         Conj/Fire      ###.....     2%          3    ###....
d - Sticky Flame          Conj/Fire      ###.....     9%          4    ####...


Dungeon Overview and Level Annotations

Branches:
Dungeon (4/15)
 Temple: D:4-7

Altars:
Elyvilon


Innate Abilities, Weirdness & Mutations

You cannot wear most types of armour.
You are very stealthy in the water. (Stealth+)
You are amphibious.
You can wear up to eight rings at the same time.
You can use your tentacles to constrict eight enemies at once.
Your skin changes colour to match your surroundings (Stealth+).
Your rubbery body absorbs attacks. (AC +1, EV +1)


Message History

You're too confused to move!
You bump into the rock wall.
You bump into the rock wall.
Something hits you.
The orc priest calls down the wrath of Beogh upon you.
Beogh smites you!
Things that are here:
a hand axe; a leather armour You're too confused to cast spells.
You're too confused to cast spells.
You feel less confused.
A magic dart appears from out of thin air!
The magic dart hits you! Something hits you.
* * * LOW HITPOINT WARNING * * *
The orc priest closely misses you. The orc priest barely misses you.
The orc priest calls down the wrath of Beogh upon you.
Beogh smites you!
You die...

################# ######
................. ....>
#########.#####.# .o.. ......#
#.# #.# ...
#####.###.#####.##### o.
#####.#.......#.....# #o
....#.##.......<@oo.# #.##
....#.#....##......)###.#.o#.. .
....#.#.#..#####[....[...#o#.#.#
....#[#.#..##.....)#######o#.#.
#####.#....#...#...##<..o..#..
#.###.##...#....[........###.
##.#....#.....########........
#....#.##...........#.....####
#########.##...#.....#.###.#.#


You could see an orc priest and an orc.

Vanquished Creatures
  A bullfrog skeleton (D:4)
  An iguana (D:4)
  3 orc priests
  An orc wizard (D:4)
  3 worker ants (D:4)
  A howler monkey skeleton (D:4)
  4 adders
  2 adder skeletons (D:4)
  2 worms
  3 dart slugs
  3 leopard geckos
  14 orcs
  7 bats
  3 giant cockroaches (D:2)
  5 goblins
  8 hobgoblins
  4 jackals (D:3)
  12 kobolds
  2 quokkas
  2 ball pythons
  2 frilled lizards
  7 rats
90 creatures vanquished.

Vanquished Creatures (others)
  4 toadstools (D:1)
4 creatures vanquished.

Grand Total: 94 creatures vanquished

Notes
Turn   | Place    | Note
-------+----------+-------------------------------------------
     0 | D:1      | Naow the Octopode Fire Elementalist began the quest for the Orb.
     0 | D:1      | Reached XP level 1. HP: 11/11 MP: 3/3
   216 | D:1      | Reached XP level 2. HP: 17/17 MP: 0/5
   880 | D:1      | Reached XP level 3. HP: 12/21 MP: 0/6
  1626 | D:2      | Reached XP level 4. HP: 16/27 MP: 1/7
  1950 | D:2      | Found a white marble altar of Elyvilon.
  2074 | D:2      | Reached skill level 4 in Fire Magic
  2517 | D:3      | Learned a level 2 spell: Throw Flame
  2521 | D:3      | Learned a level 3 spell: Conjure Flame
  2635 | D:3      | Reached XP level 5. HP: 31/31 MP: 6/9
  3461 | D:4      | Found a sand-covered staircase.
  3664 | D:3      | Learned a level 4 spell: Sticky Flame
  3720 | D:4      | Reached XP level 6. HP: 36/36 MP: 4/11
  4774 | D:4      | Noticed a phantom
  5099 | D:4      | Reached skill level 5 in Fire Magic
  5109 | D:4      | Killed from afar by an orc priest

Vault maps used:
D:1:      ldierk_walled_garden_2
D:2:      elyvilon_altar_3, guppyfry_early_lair_pool
D:4:      first_bread, lightli_ossuary_entry_decrepit_ruins, kennysheep_potato

Skill      XL: |  1  2  3  4  5  6 |
---------------+-------------------+-----
Conjurations   | 2 3 4 |  4.0
Fire Magic     | 4 5 |  5.0
Spellcasting   | 3 |  3.9
Dodging        | |  2.0
Stealth        | |  2.6

Action                   |  1- 3 |  4- 6 || total
-------------------------+-------+-------++-------
Melee: Unarmed           |     6 |       ||     6
       Constrict         |     6 |     7 ||    13
       Dagger            |     5 |    28 ||    33
       Tentacles         |     2 |     4 ||     6
 Cast: Flame Tongue      |    60 |    95 ||   155
       Throw Flame       |       |    23 ||    23
       Conjure Flame     |       |     1 ||     1
  Eat: Chunk             |     3 |     8 ||    11
       Fruit             |       |     2 ||     2
Armor: Skin              |     2 |     5 ||     7
Dodge: Dodged            |    29 |    57 ||    86
